 Dungeon Crawl Stone Soup version 0.32-a0-629-g87aaac5c70 (webtiles) character file.

Game seed: 15064421964019432751

39 CoinPitGoblin the Apothecary (level 3, -1/24 HPs)
             Began as a Coglin Alchemist on Mar 6, 2024.
             Slain by a gnoll
             ... wielding a +0 spear
              (2 damage)
             ... on level 2 of the Dungeon.
             The game lasted 00:04:49 (308 turns).

CoinPitGoblin the Apothecary (Coglin Alchemist)      Turns: 308, Time: 00:04:49

Health: -1/24      AC:  3    Str:  8    XL:     3   Next: 47%
Magic:  0/6        EV: 12    Int: 16    God:
Gold:   26         SH:  0    Dex: 14    Spells: 5/6 levels left

rFire   . . .        d - +0 dagger {Milos}
rCold   . . .        (no shield)
rNeg    . . .        a - +0 robe
rPois   .            (no helmet)
rElec   .            (no cloak)
rCorr   .            (no gloves)
SInv    .            c - +0 pair of boots
Will    .....        (amulet unavailable)
Stlth   ++           (ring unavailable)
HPRegen 0.24/turn    (ring unavailable)
MPRegen 0.10/turn    (no gizmo)

%: no passive effects
@: revving
A: off-hand wielding, slow wielding, warmup strikes, no jewellery
a: Invent Gizmo


You were on level 2 of the Dungeon.
You visited 1 branch of the dungeon, and saw 2 of its levels.

You collected 26 gold pieces.

Inventory:

Hand Weapons
 d - a +0 dagger (weapon) {Milos}
 e - a +0 mace {Paser}
 f - a +0 dagger of draining
Armour
 a - a +0 robe (worn)
 c - a +0 pair of boots (worn)
Potions
 b - a potion of magic


   Skills:
 + Level 0.1 Fighting
 + Level 2.0 Dodging
 - Level 1.5 Stealth
 + Level 2.1 Spellcasting
 - Level 0.8 Conjurations
 + Level 4.3 Alchemy


You had 5 spell levels left.
You knew the following spells:

 Your Spells              Type           Power      Damage    Failure   Level
a - Sting                 Conj/Alch      40%        1d5       7%          1

Your spell library contained the following spells:

 Spells                   Type           Power      Damage    Failure   Level
 Mercury Vapours          Alch/Air       16%        N/A       13%         2
 Mephitic Cloud           Conj/Alch/Air  7%         N/A       30%         3
 Olgreb's Toxic Radiance  Alch           15%        N/A       34%         4
 Sticky Flame             Fire/Alch      8%         2d4       63%         4


Dungeon Overview and Level Annotations

Branches:
Dungeon (1/15)

Altars:


Innate Abilities, Weirdness & Mutations

You can wield a second weapon in your off-hand.
It takes a long time for you to wield or remove held weapons.
Your first few attacks do less damage.
You cannot equip rings or amulets.


Message History

A gnoll comes into view. It is wielding a +0 spear.
The gnoll moves out of view.
You see here a hobgoblin corpse.
The gnoll shouts!
The sting hits the gnoll.
The gnoll is poisoned.
The gnoll is lightly wounded.
The gnoll shouts!
You hear a shout!
You barely miss the gnoll.
The gnoll is moderately wounded.
The gnoll hits you with a +0 whip.
A gnoll comes into view. It is wielding a +0 flail.
You hit the gnoll.
The gnoll is severely wounded.
The gnoll hits you with a +0 whip. The gnoll barely misses you.
You hit the gnoll.
The gnoll is almost dead.
You kill the gnoll!
The gnoll hits you from afar with a +0 spear!
You see here a hobgoblin corpse.
You see here a +0 robe.
You are too injured to fight recklessly!
Aiming: Sting (safe; 7% risk of failure)
Press: ? - help, Q - select action Shift-Dir - straight line, f - gnoll
Aim: a gnoll, wielding a +0 flail (75% to hit)
The sting misses the gnoll.
The gnoll hits you with a +0 flail.
The gnoll hits you from afar with a +0 spear.
* * * LOW HITPOINT WARNING * * *
You are too injured to fight recklessly!
You are too injured to fight recklessly!
You closely miss the gnoll. The gnoll hits you but does no damage.
The gnoll closely misses you.
You barely miss the gnoll. The gnoll completely misses you.
The gnoll hits you from afar with a +0 spear.
* * * LOW HITPOINT WARNING * * *
You hit the gnoll.
The gnoll is lightly wounded.
The gnoll closely misses you.
The gnoll hits you from afar with a +0 spear.
You die...

#.# #######.#
........#
###.##..#######
#...........#
###.....###..
##...##
#.######..##
#......g@.#
....####g##.# .
#.##+# #g# #..
#... .....
...... .......


You could see 2 gnolls.

Vanquished Creatures
  Jessica (D:2)
  A gnoll (D:2)
  A bat (D:1)
  A hobgoblin (D:2)
  A kobold (D:1)
5 creatures vanquished.

Notes
Turn   | Place    | Note
-------+----------+-------------------------------------------
     0 | D:1      | CoinPitGoblin the Coglin Alchemist began the quest for the
                  | Orb.
     0 | D:1      | Reached XP level 1. HP: 13/13 MP: 3/3
   188 | D:1      | You fall into a shaft and drop 1 floor!
   271 | D:2      | Noticed Jessica
   285 | D:2      | Killed Jessica
   286 | D:2      | Reached skill level 4 in Alchemy
   286 | D:2      | Reached XP level 2. HP: 17/19 MP: 0/5
   286 | D:2      | Reached XP level 3. HP: 22/24 MP: 0/6
   307 | D:2      | HP: 1/24 [gnoll/+0 spear (2)]
   308 | D:2      | Slain by a gnoll

Illustrated notes

Levels and vault maps discovered:
D:1:      nagdon_arrival_zigzag_paths, layout_basic,
          hellmonk_ecumenical_altar_crossroads, minmay_gold_behind_fungi
D:2:      layout_loops_corners, chequers_serial_rivers_small_a,
          minmay_misc_feat_enclosed, uniq_jessica

Skill      XL: |  1 |
---------------+----+-----
Dodging        | 2 |  2.0
Spellcasting   | 2 |  2.1
Alchemy        | 4 |  4.3
Fighting       | |  0.1
Stealth        | |  1.5
Conjurations   | |  0.8

Action                     || total
---------------------------++-------
  Melee: Dagger            ||    10
         Mace              ||     4
   Cast: Sting             ||    11
 Armour: Robe              ||    10
  Dodge: Dodged            ||     7

Table legend: (Time is in decaauts)
 A = Elapsed time spent in this place.
 B = Non-inter-level travel time spent in this place.
 C = Inter-level travel time spent in this place.
 D = Time resting spent in this place.
 E = Time spent auto-exploring this place.
 F = Levels seen in this place.
 G = Mean time per level.
                   A        B        C        D        E       F      G
               +--------+--------+--------+--------+--------+-----+--------+
         Total |    308 |    308 |      0 |      0 |    205 |   2 |  154.0 |
       Dungeon |    308 |    308 |      0 |      0 |    205 |   2 |  154.0 |
               +--------+--------+--------+--------+--------+-----+--------+

Top non-repeatable levels by time:
     D:1: 188 daAuts
     D:2: 120 daAuts
